 Dungeon Crawl Stone Soup version 0.23-b1-84-g6588a6b (webtiles) character file.

Game seed: 12514464335108526738

115 Makai the Magician (level 5, 0/37 HPs)
             Began as a Gnoll Wanderer on Feb 7, 2019.
             Slain by an orc
             ... wielding a +0 falchion
              (4 damage)
             ... on level 3 of the Dungeon.
             The game lasted 00:16:02 (4898 turns).

Makai the Magician (Gnoll Wanderer)                 Turns: 4898, Time: 00:16:03

Health: 0/37       AC:  2    Str: 13 (15) XL:     5   Next: 0%
Magic:  7/14       EV: 12    Int: 15 (16) God:
Gold:   161        SH:  0    Dex: 13      Spells: 14/18 levels left

rFire    . . .     SeeInvis .   p - +0 war axe
rCold    . . .     Gourm    .   (no shield)
rNeg     . . .     Faith    .   d - +0 robe
rPois    .         Spirit   .   (no helmet)
rElec    .         Reflect  .   (no cloak)
rCorr    .         Harm     .   (no gloves)
MR       .....                  (no boots)
Stlth    ++........             (no amulet)
HPRegen  0.12/turn              (no ring)
MPRegen  0.14/turn              (no ring)

@: very slightly contaminated
A: distributed training, fangs 1, strong nose
a: no special abilities


You were on level 3 of the Dungeon.
You were not hungry.

You visited 1 branch of the dungeon, and saw 3 of its levels.

You collected 161 gold pieces.

Inventory:

Hand Weapons
 e - a +0 club
 p - a +0 war axe (weapon)
Missiles
 g - 12 stones (quivered)
Armour
 d - a +0 robe (worn)
 j - a +0 ring mail
 r - a +0 ring mail
Wands
 c - a wand of random effects (15)
 o - a wand of paralysis (8)
Scrolls
 a - a scroll of enchant weapon {unknown}
 b - 3 scrolls of amnesia {unknown}
 h - a scroll of remove curse {unknown}
 i - 2 scrolls of teleportation {unknown}
 k - a scroll of magic mapping {unknown}
 l - a scroll of identify {unknown}
Potions
 m - 2 potions of brilliance {unknown}
 q - a potion of curing {unknown}
Comestibles
 f - 4 rations
 n - 2 chunks of flesh


   Skills:
 + Level 1.2 Fighting
 + Level 1.2 Short Blades
 + Level 1.2 Long Blades
 + Level 1.2 Axes
 + Level 1.2 Maces & Flails
 + Level 1.2 Polearms
 + Level 1.2 Staves
 + Level 1.2 Slings
 + Level 1.2 Bows
 + Level 1.2 Crossbows
 + Level 1.2 Throwing
 + Level 1.2 Armour
 + Level 1.2 Dodging
 + Level 1.2 Stealth
 + Level 1.2 Shields
 + Level 1.2 Unarmed Combat
 + Level 7.2 Spellcasting
 + Level 7.1 Conjurations
 + Level 1.0 Hexes
 + Level 2.3 Charms
 + Level 1.0 Summonings
 + Level 1.0 Necromancy
 + Level 1.0 Translocations
 + Level 1.0 Transmutations
 + Level 1.0 Fire Magic
 + Level 1.0 Ice Magic
 + Level 1.0 Air Magic
 + Level 1.0 Earth Magic
 + Level 1.0 Poison Magic
 + Level 1.4 Invocations
 + Level 4.7 Evocations


You had 14 spell levels left.
You knew the following spells:

 Your Spells              Type           Power        Failure   Level  Hunger
a - Sting                 Conj/Pois      ###.         2%          1    None
b - Conjure Flame         Conj/Fire      ###.....     7%          3    ##.....

Your spell library contained the following spells:

 Spells                   Type           Power        Failure   Level  Hunger
 Magic Dart               Conj           ####         1%          1    None
 Mephitic Cloud           Conj/Pois/Air  ##......     11%         3    ##.....
 Blink                    Tloc           N/A          13%         2    None
 Call Imp                 Summ           #.......     13%         2    None
 Slow                     Hex            #.......     13%         2    None


Dungeon Overview and Level Annotations

Branches:
Dungeon (3/15)

Altars:


Innate Abilities, Weirdness & Mutations

Your experience applies equally to all skills.
You have very sharp teeth.
Your uncanny sense of smell can sniff out nearby items.


Message History

You are very lightly contaminated with residual magic.
Sparks fly from your hands! The orc hits you with a +0 falchion.
* * * LOW HITPOINT WARNING * * *
You see here a hunting sling.
You hit the orc.
The orc is moderately wounded.
The orc closely misses you.
You hit the orc.
The orc is heavily wounded.
The orc hits you with a +0 falchion!
* * * LOW HITPOINT WARNING * * *
Casting: Sting (safe; 2% risk of failure)
Confirm with . or Enter, or press ? or * to list all spells.
Aiming: Sting (safe; 2% risk of failure)
Press: ? - help, Shift-Dir - straight line, f/p - orc
Aim: an orc, wielding a +0 falchion (moderately wounded)
The sting hits the orc.
The orc is poisoned.
The orc is heavily wounded.
The orc hits you with a +0 falchion.
You die...

.# ####### .## #...... ..#
###### #.....###.# #.# .....
#.....>.#.# #.#......
#.....#.#.# #.#.. ..≈
#.....#.#.# #.#.# ..
##......# #.#.# #≈ #.@o....#
#.#.## #. #.###.#.###....#
#. #####.###..........###. ∆
#.....o.....###)...##..
#.##.....#.......)###..
#.####.##.....#...##..[.....
#.>....................###..
######.####..##.#.##.....#..
#. #..##.#.##...#....


You could see an orc.

Vanquished Creatures
  A howler monkey (D:3)
  2 adders (D:2)
  An ooze (D:2)
  5 worms
  A dart slug (D:1)
  A leopard gecko (D:2)
  An orc (D:3)
  3 giant cockroaches
  6 goblins
  3 hobgoblins
  4 bats
  8 frilled lizards
  4 kobolds
  5 rats
45 creatures vanquished.

Notes
Turn   | Place    | Note
-------+----------+-------------------------------------------
     0 | D:1      | Makai the Gnoll Wanderer began the quest for the Orb.
     0 | D:1      | Makai set off with the following items: a wand of random
                  | effects (15), a +0 robe, a +0 club, a ration; and the
                  | following spells available to memorise: Magic Dart, Sting,
                  | Conjure Flame, Mephitic Cloud, Blink, Call Imp, Slow
     0 | D:1      | Reached XP level 1. HP: 13/13 MP: 8/8
     2 | D:1      | Learned a level 1 spell: Sting
   709 | D:1      | Reached XP level 2. HP: 3/19 MP: 7/10
  2162 | D:2      | Reached XP level 3. HP: 10/25 MP: 4/11
  2527 | D:2      | Reached skill level 1 in Invocations
  3068 | D:2      | Learned a level 3 spell: Conjure Flame
  3198 | D:2      | Reached skill level 1 in Fighting
  3198 | D:2      | Reached skill level 1 in Short Blades
  3198 | D:2      | Reached skill level 1 in Long Blades
  3198 | D:2      | Reached skill level 1 in Axes
  3198 | D:2      | Reached skill level 1 in Maces & Flails
  3198 | D:2      | Reached skill level 1 in Polearms
  3198 | D:2      | Reached skill level 1 in Staves
  3198 | D:2      | Reached skill level 1 in Slings
  3198 | D:2      | Reached skill level 1 in Bows
  3198 | D:2      | Reached skill level 1 in Crossbows
  3198 | D:2      | Reached skill level 1 in Throwing
  3198 | D:2      | Reached skill level 1 in Armour
  3198 | D:2      | Reached skill level 1 in Dodging
  3198 | D:2      | Reached skill level 1 in Stealth
  3198 | D:2      | Reached skill level 1 in Shields
  3198 | D:2      | Reached skill level 1 in Unarmed Combat
  3207 | D:2      | HP: 1/26 [poisoned by an adder]
  3633 | D:2      | Reached XP level 4. HP: 30/32 MP: 11/13
  4873 | D:3      | Reached skill level 1 in Hexes
  4873 | D:3      | Reached skill level 1 in Summonings
  4873 | D:3      | Reached skill level 1 in Necromancy
  4873 | D:3      | Reached skill level 1 in Translocations
  4873 | D:3      | Reached skill level 1 in Transmutations
  4873 | D:3      | Reached skill level 1 in Fire Magic
  4873 | D:3      | Reached skill level 1 in Ice Magic
  4873 | D:3      | Reached skill level 1 in Air Magic
  4873 | D:3      | Reached skill level 1 in Earth Magic
  4873 | D:3      | Reached skill level 1 in Poison Magic
  4873 | D:3      | Reached XP level 5. HP: 20/37 MP: 8/14
  4898 | D:3      | Slain by an orc

Skill      XL: |  1  2  3  4 |
---------------+-------------+-----
Charms         | 2 |  2.3
Invocations    | 1 |  1.4
Fighting       | 1 |  1.2
Short Blades   | 1 |  1.2
Long Blades    | 1 |  1.2
Axes           | 1 |  1.2
Maces & Flails | 1 |  1.2
Polearms       | 1 |  1.2
Staves         | 1 |  1.2
Slings         | 1 |  1.2
Bows           | 1 |  1.2
Crossbows      | 1 |  1.2
Throwing       | 1 |  1.2
Armour         | 1 |  1.2
Dodging        | 1 |  1.2
Stealth        | 1 |  1.2
Shields        | 1 |  1.2
Unarmed Combat | 1 |  1.2
Hexes          | 1 |  1.0
Summonings     | 1 |  1.0
Necromancy     | 1 |  1.0
Translocations | 1 |  1.0
Transmutations | 1 |  1.0
Fire Magic     | 1 |  1.0
Ice Magic      | 1 |  1.0
Air Magic      | 1 |  1.0
Earth Magic    | 1 |  1.0
Poison Magic   | 1 |  1.0
Spellcasting   | |  7.2
Conjurations   | |  7.1
Evocations     | |  4.7

Action                   |  1- 3 |  4- 6 || total
-------------------------+-------+-------++-------
Melee: Club              |    78 |    36 ||   114
       Bite              |     6 |     7 ||    13
       War axe           |       |     9 ||     9
 Cast: Sting             |    41 |    27 ||    68
       Conjure Flame     |       |     2 ||     2
  Use: Potion            |     1 |       ||     1
 Stab: Sleeping          |       |     1 ||     1
  Eat: Chunk             |     4 |     2 ||     6
       Ration            |     2 |       ||     2
Armor: Robe              |    17 |     5 ||    22
Dodge: Dodged            |    75 |    28 ||   103
